 Dungeon Crawl Stone Soup version 0.29.1-15-g9cfb28693d (webtiles) character file.

Game seed: 6239936039400559937

3543 protoss039 the Covered (level 9, -10/68 HPs)
             Began as a Demonspawn Earth Elementalist on Mar 24, 2023.
             Was a Follower of Vehumet.
             Mangled by a wyvern (12 damage)
             ... on level 9 of the Dungeon.
             The game lasted 00:23:47 (11184 turns).

protoss039 the Covered (DsEE)                      Turns: 11184, Time: 00:23:48

Health: -10/68     AC:  8    Str: 15    XL:     9   Next: 82%
Magic:  3/16       EV: 11    Int: 21    God:    Vehumet [*.....]
Gold:   508        SH:  0    Dex: 13    Spells: 2/18 levels left

rFire   . . .      SeeInvis .   b - +2 falchion (elec)
rCold   . . .      Faith    .   (no shield)
rNeg    . . .      Spirit   .   h - +0 ring mail
rPois   .          Reflect  .   B - +0 helmet
rElec   .          Harm     .   (no cloak)
rCorr   .          Rampage  .   (no gloves)
Will    .....                   w - +0 pair of boots
Stlth   ++........              (no amulet)
HPRegen 0.21/turn               s - +6 ring of strength
MPRegen 0.15/turn               C - ring of flight

@: lethally poisoned (-10 -> -16), flying
A: hooves 1, ignite blood 1, powered by death 3
a: Renounce Religion


You were on level 9 of the Dungeon.
You worshipped Vehumet.
Vehumet was aware of your devotion.
You visited 3 branches of the dungeon, and saw 11 of its levels.

You collected 538 gold pieces.
You spent 30 gold pieces at shops.

Inventory:

Hand Weapons
 b - a +2 falchion of electrocution (weapon)
 q - a +2 dagger of speed
 y - the +8 mace of Qazlal, Mauling {pain, rN+ rCorr Dex-5}
   (You found it on level 7 of the Dungeon)

   In the hands of one skilled in necromantic magic, it inflicts extra damage on
   living creatures.
   Dex:       It affects your dexterity (-5).
   rN:        It protects you from negative energy.
   rCorr:     It protects you from acid and corrosion.
 D - a +1 flail of draining
Missiles
 u - 6 poisoned darts (quivered)
Armour
 h - a +0 ring mail (worn)
 w - a +0 pair of boots (worn)
 B - a +0 helmet (worn)
Magical Staves
 o - a staff of poison
Jewellery
 s - a +6 ring of strength (left hand)
 C - a ring of flight (right hand)
Wands
 r - a wand of roots (3)
Scrolls
 a - 5 scrolls of magic mapping
 d - a scroll of acquirement {unknown}
 e - 2 scrolls of enchant weapon
 f - a scroll of identify
 i - 4 scrolls of immolation
 j - a scroll of silence {unknown}
 k - a scroll of butterflies {unknown}
 l - 3 scrolls of poison
 p - 5 scrolls of enchant armour
 t - 2 scrolls of teleportation
Potions
 g - a potion of cancellation
 m - 4 potions of flight
 n - 3 potions of lignification {unknown}
 v - 3 potions of mutation
 z - a potion of brilliance {unknown}
 A - a potion of heal wounds {unknown}


   Skills:
 * Level 5.2 Fighting
 * Level 5.4 Armour
 - Level 3.0 Dodging
 - Level 3.0 Stealth
 * Level 5.1 Spellcasting
 + Level 3.8 Conjurations
 - Level 3.0 Transmutations
 - Level 3.0 Fire Magic
 - Level 3.0 Air Magic
 + Level 4.8 Earth Magic
 * Level 3.1 Poison Magic
 + Level 2.3 Evocations


You had 2 spell levels left.
You knew the following spells:

 Your Spells              Type           Power      Damage    Failure   Level
a - Sandblast             Erth           50%        2d12      2%          1
b - Passwall              Tmut/Erth      17%        N/A       6%          2
c - Stone Arrow           Conj/Erth      46%        3d9       10%         3
d - Mephitic Cloud        Conj/Pois/Air  19%        N/A       16%         3
e - Ignite Poison         Fire/Tmut/Pois 18%        N/A       17%         3
f - Olgreb's Toxic Radia  Pois           18%        N/A       47%         4

Your spell library contained the following spells:

 Spells                   Type           Power      Damage    Failure   Level
 Magic Dart               Conj           84%        1d7       4%          1
 Sting                    Tmut/Pois      72%        1d6       5%          1
 Poisonous Vapours        Pois/Air       36%        N/A       9%          2
 Wereblood                Tmut           18%        N/A       9%          2
 Blink                    Tloc           10%        N/A       30%         2
 Sublimation of Blood     Necr           5%         N/A       30%         2
 Dazzling Flash           Conj/Hex       26%        N/A       26%         3
 Petrify                  Tmut/Erth      21%        N/A       36%         4
 Gell's Gravitas          Tloc           5%         N/A       52%         3
 Lesser Beckoning         Tloc           5%         N/A       52%         3
 Teleport Other           Tloc           5%         N/A       52%         3
 Corpse Rot               Necr/Pois/Air  14%        N/A       63%         4
 Iskenderun's Mystic Bla  Conj/Tloc      13%        2d5       65%         4
 Freezing Cloud           Conj/Ice/Air   7%         6-21      91%         5
 Manifold Assault         Tloc           5%         N/A       99%         5
 Dispersal                Tloc           2%         N/A       100%        6
 Starburst                Conj/Fire      9%         6d5       100%        6
 Summon Hydra             Summ           2%         N/A       100%        7


Dungeon Overview and Level Annotations

Branches:
Dungeon (9/15) Zot: 26974  Temple (1/1) D:5 Zot: 5978    Lair (1/5) D:8 Zot: 5992
    Orc: D:9-12

Altars:
Ashenzari
Cheibriados
Fedhas
Gozag
Hepliaklqana
Kikubaaqudgha
Makhleb
Qazlal
Ru
Sif Muna
Trog
Uskayaw
Vehumet
Wu Jian
Xom
Yredelemnul

Shops:
D:1 ?   D:6 *


Innate Abilities, Weirdness & Mutations

You have large cloven feet.
Your demonic aura sometimes causes spilled blood to erupt in flames.
You regenerate a lot of health from kills.


Message History

Confirm with . or Enter, or press ? or * to list all spells.
Aiming: Sandblast (safe; 2% risk of failure)
Press: ? - help, Shift-Dir - straight line, f/p - killer bee
Aim: a killer bee (almost dead, 65% to hit)
The blast of sand hits the killer bee!
You kill the killer bee!
Vehumet accepts your kill.
You feel your power returning.
You feel very sick. The wyvern completely misses you.
Unknown command.
You feel better. The wyvern bites you. x2
The wyvern attacks as you move away!
The wyvern bites you but does no damage.
The wyvern bites you!
* * * LOW HITPOINT WARNING * * *
Okay, then.
As you read the scroll of teleportation, it crumbles to dust.
You feel strangely unstable.
The killer bee stings you but does no damage.
The wyvern bites you.
* * * LOW HITPOINT WARNING * * *
The killer bee stings you.
* * * LOW HITPOINT WARNING * * *
You are lethally poisoned!
The killer bee poisons you!
Unknown command.
* * * LOW HITPOINT WARNING * * *
You feel very sick. The wyvern closely misses you.
Unknown command.
Okay, then.
Okay, then.
It was a potion of cancellation.
You feel strangely stable.
You feel magically purged.
Your magical contamination has completely faded away.
* * * LOW HITPOINT WARNING * * *
You feel sick. The killer bee barely misses you. The wyvern bites you!
You die...

### # ..#
####.#######.##
.......†......#
##........ly<.#
#.#.######@..#
.y #...# #..
#...# .. #...#
. ..... #...##
..... #.####


You could see a wyvern and a killer bee.

Vanquished Creatures
  A hornet (D:6)
  A wyvern (D:8)
  Eustachio (D:6)
  4 yaks (D:8)
  Menkaure (D:7)
  A steam dragon (D:7)
  An acid dragon (D:8)
  An orc warrior (D:8)
  5 black bears
  3 ogres
  2 centaurs
  2 phantoms
  A bullfrog (D:8)
  3 wights (D:8)
  3 killer bees (D:9)
  An electric eel (D:7)
  A crimson imp (D:8)
  3 orc priests
  4 hounds
  3 iguanas
  Terence (D:3)
  4 orc wizards
  4 adders
  2 gnolls (D:6)
  2 white imps (D:7)
  3 dart slugs (D:3)
  25 orcs
  4 bats
  6 endoplasms
  3 giant cockroaches
  12 hobgoblins
  10 jackals
  10 kobolds
  3 quokkas
  9 ball pythons
  4 frilled lizards
  8 goblins
  A rat (D:3)
153 creatures vanquished.

Vanquished Creatures (collateral kills)
  A gnoll (D:6)
1 creature vanquished.

Vanquished Creatures (others)
  An orc wizard (D:2)
  A bush (D:6)
  14 plants
  5 withered plants (D:8)
21 creatures vanquished.

Grand Total: 175 creatures vanquished

Notes
Turn   | Place    | Note
-------+----------+-------------------------------------------
     0 | D:1      | protoss039 the Demonspawn Earth Elementalist began the
                  | quest for the Orb.
     0 | D:1      | Reached XP level 1. HP: 13/13 MP: 3/3
     9 | D:1      | Found a faded altar of an unknown god.
   306 | D:1      | Gained mutation: You regenerate a little health from kills.
                  | [demonic ancestry]
   306 | D:1      | Reached XP level 2. HP: 7/20 MP: 1/5
   593 | D:1      | Learned a level 2 spell: Passwall
   972 | D:1      | Reached skill level 1 in Fighting
  1182 | D:1      | Found Patoicoh's Magic Scroll Emporium.
  1187 | D:1      | Bought a scroll of identify for 20 gold pieces
  1187 | D:1      | Bought a scroll of noise for 10 gold pieces
  1238 | D:1      | Reached XP level 3. HP: 26/26 MP: 0/6
  1569 | D:1      | Learned a level 3 spell: Stone Arrow
  1660 | D:2      | Reached skill level 1 in Armour
  2129 | D:1      | Gained mutation: Your demonic aura sometimes causes spilled
                  | blood to erupt in flames. [demonic ancestry]
  2129 | D:1      | Reached XP level 4. HP: 24/32 MP: 2/7
  2957 | D:3      | Gained mutation: You regenerate health from kills. [demonic
                  | ancestry]
  2957 | D:3      | Reached XP level 5. HP: 38/38 MP: 7/9
  3156 | D:3      | Reached skill level 1 in Transmutations
  3447 | D:3      | Noticed Terence
  3492 | D:3      | Killed Terence
  3493 | D:3      | Reached skill level 1 in Conjurations
  3824 | D:3      | Found a shimmering altar of Xom.
  4268 | D:4      | Reached skill level 1 in Poison Magic
  4382 | D:4      | Noticed a black bear
  4385 | D:4      | Killed a black bear
  4386 | D:4      | Reached XP level 6. HP: 44/44 MP: 6/10
  4770 | D:4      | Found a bloodstained altar of Trog.
  5008 | D:4      | Learned a level 3 spell: Mephitic Cloud
  5030 | D:5      | Entered Level 5 of the Dungeon
  5172 | D:5      | Found a staircase to the Ecumenical Temple.
  5177 | Temple   | Entered the Ecumenical Temple
  5193 | Temple   | Became a worshipper of Vehumet
  5554 | D:5      | Reached skill level 1 in Air Magic
  5554 | D:5      | Gained mutation: You have large cloven feet. [demonic
                  | ancestry]
  5554 | D:5      | Reached XP level 7. HP: 41/51 MP: 1/11
  6309 | D:6      | Noticed Eustachio
  7052 | D:6      | Noticed a hornet
  7075 | D:6      | Killed a hornet
  7076 | D:6      | Reached XP level 8. HP: 38/58 MP: 3/13
  7225 | D:6      | Found Fuiqukic's Fire Supplies.
  7340 | D:6      | Found a broken altar of Ashenzari.
  7551 | D:6      | Killed Eustachio
  7853 | D:6      | Learned a level 3 spell: Ignite Poison
  7927 | D:7      | Found a hazy altar of Hepliaklqana.
  8095 | D:7      | Identified the +8 mace of Qazlal, Mauling {pain, rN+ rCorr
                  | Dex-5}
  8237 | D:7      | Noticed Menkaure
  8245 | D:7      | Killed Menkaure
  8246 | D:7      | Reached skill level 1 in Fire Magic
  8581 | D:7      | Reached * piety under Vehumet
  8581 | D:7      | Offered knowledge of Magic Dart by Vehumet.
  9137 | D:8      | Reached skill level 1 in Evocations
  9287 | D:8      | Gained mutation: You regenerate a lot of health from kills.
                  | [demonic ancestry]
  9287 | D:8      | Reached XP level 9. HP: 57/65 MP: 2/15
  9378 | D:8      | Found an ancient bone altar of Kikubaaqudgha.
  9679 | D:8      | Found a staircase to the Lair.
  9838 | D:8      | Reached skill level 5 in Armour
  9847 | D:8      | HP: 3/66 [yak (9)]
 10138 | D:8      | Found a hide-covered altar of Uskayaw.
 10448 | D:8      | Found a burning altar of Makhleb.
 10485 | Lair:1   | Entered Level 1 of the Lair of Beasts
 10544 | D:8      | Reached skill level 5 in Fighting
 10544 | D:8      | Reached skill level 5 in Spellcasting
 11160 | D:8      | Learned a level 4 spell: Olgreb's Toxic Radiance
 11183 | D:9      | HP: 3/68 [poisoned by a killer bee]
 11184 | D:9      | Mangled by a wyvern

Illustrated notes

Levels and vault maps discovered:
D:1:      minmay_arrival_four_houses, layout_basic, serial_shops, shop,
          hellmonk_ecumenical_altar_blasted
D:2:      layout_loops_ring
D:3:      layout_loops_cross, xom_butterflies, uniq_terence
D:4:      corexii_shack_village, layout_basic, mainiacjoe_overflow_brackets
D:5:      layout_basic, mainiacjoe_overflow_small_starburst, temple_doors_cd
D:6:      layout_basic, general_overflow_altar, nicolae_shop_fire_sale
          [nicolae_sub_dead_trees], nicolae_concentric_dashed_squares_mild,
          kb_lookout_dungeons_type, chequers_serial_rivers_small_3,
          uniq_eustachio
D:7:      statuecave_lemuel, layout_basic, nicolae_hepliaklqana_hazy_memory,
          uniq_menkaure
D:8:      layout_loops_ring, kiku_gazebo_garden_becter, makhleb_grotto_becter,
          kennysheep_little_box, david_lair_generic, nzn_life_drinkers
D:9:      layout_loops_ring, kennysheep_mini, lemuel_coloured_pillars_altar,
          nicolae_take_the_stairs, minmay_unpleasant_kobolds, uniq_erica,
          uniq_pikel, uniq_psyche, uniq_maggie
Temple:   minmay_freezing_vapour_temple
Lair:1:   layout_chaotic_city, chequers_serial_rivers_micro_b,
          grunt_megastairs_1

Skill      XL: |  1  2  3  4  5  6  7  8  9 |
---------------+----------------------------+-----
Earth Magic    | 3 4 |  4.8
Fighting       | 1 2 3 4 5 |  5.2
Armour         | 1 2 3 4 5 |  5.4
Dodging        | 2 3 |  3.0
Stealth        | 2 3 |  3.0
Transmutations | 1 2 3 |  3.0
Conjurations   | 1 2 3 |  3.8
Poison Magic   | 1 2 3 |  3.1
Spellcasting   | 3 4 5 |  5.1
Air Magic      | 1 2 3 |  3.0
Fire Magic     | 1 3 |  3.0
Evocations     | 1 2 |  2.3

Action                   |  1- 3 |  4- 6 |  7- 9 || total
-------------------------+-------+-------+-------++-------
Melee: Unarmed           |    24 |       |       ||    24
       Dagger            |    12 |    38 |    36 ||    86
       Punch             |       |       |     1 ||     1
       Falchion          |       |       |    64 ||    64
Throw: Dart              |       |    11 |       ||    11
 Cast: Sandblast         |    62 |    96 |    70 ||   228
       Stone Arrow       |       |       |    55 ||    55
       Mephitic Cloud    |       |       |     1 ||     1
Evoke: Wand              |       |     2 |    13 ||    15
  Use: Potion            |     1 |     4 |    10 ||    15
       Scroll            |       |     4 |     6 ||    10
Armor: Leather armour    |    26 |       |       ||    26
       Ring mail         |    10 |    26 |    78 ||   114
Dodge: Dodged            |    48 |    73 |   138 ||   259
